 Dungeon Crawl Stone Soup version 0.30-a0-1160-g6e42c06551 (webtiles) character file.

Game seed: 1720847105297573938

3358 Jeffwins the Caller (level 10, -4/74 HPs)
             Began as a Human Wanderer on Apr 26, 2023.
             Was a Believer of Vehumet.
             Slain by a vampire (8 damage)
             ... on level 8 of the Dungeon.
             The game lasted 00:19:06 (8115 turns).

Jeffwins the Caller (Human Wanderer)                Turns: 8115, Time: 00:19:07

Health: -4/74      AC:  9    Str: 12    XL:     10   Next: 23%
Magic:  14/15      EV: 10    Int: 17    God:    Vehumet [**....]
Gold:   507        SH:  0    Dex: 22    Spells: 10/16 levels left

rFire   + + .        b - +7 Throatcutter {drain, coup de grace}
rCold   . . .        (no shield)
rNeg    . . .        E - +3 leather armour of Altruism {*Slow rElec rF++ Int+3}
rPois   .            i - +1 helmet
rElec   +            u - +0 cloak
rCorr   .            (no gloves)
SInv    .            (no boots)
Will    .....        (no amulet)
Stlth   +++          X - +6 ring of dexterity
HPRegen 0.32/turn    Z - ring of wizardry
MPRegen 0.14/turn

%: slow self (1%), wizardry (x1)
@: mighty
A: no striking features
a: Renounce Religion


You were on level 8 of the Dungeon.
You worshipped Vehumet.
Vehumet was pleased with you.
You visited 2 branches of the dungeon, and saw 10 of its levels.

You collected 518 gold pieces.
You spent 11 gold pieces at shops.


   Skills:
 + Level 5.5 Fighting
 * Level 4.4 Short Blades
 - Level 4.0 Ranged Weapons
 + Level 2.1 Throwing
 - Level 1.0 Armour
 + Level 4.0 Stealth
 + Level 3.7 Spellcasting
 * Level 3.9 Conjurations
 * Level 5.5 Summonings
 * Level 2.9 Fire Magic
 + Level 3.0 Air Magic
 + Level 2.9 Poison Magic
 + Level 5.1 Evocations


You had 10 spell levels left.
You knew the following spells:

 Your Spells              Type           Power      Damage    Failure   Level
c - Call Imp              Summ           44%        N/A       1%          2
m - Mephitic Cloud        Conj/Pois/Air  14%        N/A       6%          3
z - Foxfire               Conj/Fire      56%        2x1d6     1%          1

Your spell library contained the following spells:

 Spells                   Type           Power      Damage    Failure   Level
 Kiss of Death            Conj/Necr      36%        2d8       3%          1
 Magic Dart               Conj           64%        1d6       1%          1

Inventory:

Hand Weapons
 a - a +0 sling
 b - the +7 Throatcutter (weapon) {drain, coup de grace}
   (You took it off Terence on level 2 of the Dungeon)
 g - a +0 dagger of venom
 m - a +0 scythe
 p - a +2 short sword of draining
 H - a +0 shortbow
Missiles
 D - 17 poisoned darts
 G - a curare-tipped dart {=f}
 N - a throwing net {=f}
Armour
 c - a +0 ring mail
 i - a +1 helmet (worn)
 l - a +0 leather armour
 u - a +0 cloak (worn)
 B - the +2 ring mail of Limitation {Harm}
   (You found it on level 5 of the Dungeon)

   Harm:      It increases damage dealt and taken.
 E - the +3 leather armour of Altruism (worn) {*Slow rElec rF++ Int+3}
   (You found it on level 5 of the Dungeon)

   Int:       It affects your intelligence (+3).
   rF:        It greatly protects you from fire.
   rElec:     It insulates you from electricity.
   *Slow:     It may slow you when you take damage.
 I - a +0 pair of boots
 M - a +2 ring mail of cold resistance
Magical Staves
 k - a staff of earth
Jewellery
 C - a ring of protection from cold
 X - a +6 ring of dexterity (left hand)
 Z - a ring of wizardry (right hand)
Wands
 y - a wand of flame (16)
 A - a wand of charming (17)
Scrolls
 d - 3 scrolls of vulnerability {!r}
 h - 3 scrolls of teleportation {@r4}
 n - 2 scrolls of amnesia
 o - a scroll of brand weapon
 q - 3 scrolls of enchant armour
 r - 3 scrolls of enchant weapon
 v - 2 scrolls of poison {!r}
 z - a scroll of summoning
 F - a scroll of fog
 J - a scroll of acquirement {unknown}
 K - 2 scrolls of blinking {unknown}
 L - a scroll of magic mapping
Potions
 e - a potion of might
 f - a potion of haste {unknown}
 j - 4 potions of attraction {unknown}
 s - 5 potions of curing {@q1}
 t - 3 potions of heal wounds {unknown}
 w - 3 potions of mutation {unknown}
 x - 2 potions of resistance {unknown}
 O - a potion of invisibility {unknown}
 P - a potion of lignification {unknown}

Dungeon Overview and Level Annotations

Branches:
Dungeon (9/15)             Temple (1/1) D:4            Lair (0/5) D:8
    Orc: D:9-12

Altars:
Ashenzari
Cheibriados
Dithmenos
Elyvilon
Fedhas
Gozag
Hepliaklqana
Kikubaaqudgha
Makhleb
Nemelex Xobeh
Okawaru
Qazlal
Ru
Sif Muna
Trog
Uskayaw
Vehumet
Wu Jian
Xom
Yredelemnul
Zin
The Shining One

Shops:
D:2 *

Annotations:
D:7 3 runed translucent doors, Sleet's ghost, novice MiFi

.░░░+░░'░░'░░░....(.............)
.░.....░.....░................#.#
.░.....░.....░#...............###
.'░░'░░'░░+░░'................###
.░..░.....░..░.................##
.░..░+░░░+░..░.........##.##...#.
.░..░.....░..░........##...#.###.
.+..+..⚑..+..+...{....###....##..
.░..░.....░..░..@.....>..........
.░..░+░░░'░..░.##5.....#.........
.░..░.....░..░..........#........
.'░░'░░'░░'░░'.)....##.##...)....
.░.....░.....░##..###..##.....##.
.░.....░.....░ ####.........)..#.
.░░░+░░'░░+░░░ ##...........##
...........# #....#.......##
############ #....###..#....


You could see a friendly cerulean imp (summoned).


Message History

* * * LOW HITPOINT WARNING * * *
The vampire draws strength from your injuries!
You feel very mighty all of a sudden.
Your cerulean imp hits the vampire but does no damage.
The vampire hits you.
* * * LOW HITPOINT WARNING * * *
The vampire barely misses you.
Unknown command.
You hit the vampire but do no damage.
Your cerulean imp hits the vampire from afar with a -2 spear.
The vampire casts a spell.
The vampire flickers and vanishes!
Deactivating autopickup; reactivate with Ctrl-A.
Something hits you.
* * * LOW HITPOINT WARNING * * *
Something bites you.
* * * LOW HITPOINT WARNING * * *
Something draws strength from your injuries!
You hit something but do no damage. Something hits you!
* * * LOW HITPOINT WARNING * * *
Something bites you but does no damage.
Unknown command.
You slash something! Something hits you.
* * * LOW HITPOINT WARNING * * *
Something bites you but does no damage.
Unknown command.
You miss something. Something hits you.
* * * LOW HITPOINT WARNING * * *
Something bites you!
You die...

Skill      XL: |  1  2  3  4  5  6  7  8  9 10 |
---------------+-------------------------------+-----
Ranged Weapons | 2 3 4 |  4.0
Stealth        | 1 2 3 4 |  4.0
Spellcasting   | 2 3 |  3.7
Summonings     | 2 3 4 5 |  5.5
Poison Magic   | 1 2 |  2.9
Short Blades   | 1 3 4 |  4.4
Conjurations   | 1 2 3 |  3.9
Air Magic      | 1 2 3 |  3.0
Evocations     | 4 5 |  5.1
Fighting       | 5 |  5.5
Throwing       | 1 2 |  2.1
Fire Magic     | 2 |  2.9
Armour         | |  1.0

Action                     |  1- 3 |  4- 6 |  7- 9 | 10-12 || total
---------------------------+-------+-------+-------+-------++-------
  Melee: Dagger            |    13 |       |       |       ||    13
         Long sword        |       |       |   126 |    39 ||   165
         Punch             |       |       |     1 |     1 ||     2
   Fire: Sling             |   134 |   162 |    11 |       ||   307
   Cast: Call Imp          |       |     6 |    12 |     5 ||    23
         Mephitic Cloud    |       |       |     4 |     1 ||     5
  Evoke: Wand              |       |       |     1 |       ||     1
    Use: Scroll            |       |     6 |     4 |     1 ||    11
         Potion            |       |       |       |     2 ||     2
   Stab: Sleeping          |       |       |     5 |       ||     5
         Distracted        |       |       |     1 |     1 ||     2
         Confused          |       |       |     5 |       ||     5
 Armour: Ring mail         |    76 |    79 |    17 |       ||   172
         Leather armour    |       |       |    40 |    19 ||    59
  Dodge: Dodged            |    90 |    84 |    74 |    20 ||   268

Levels and vault maps discovered:
D:1:      amcnicky_arrival_abandoned_market, layout_loops_ring,
          nicolae_concentric_dashed_squares_mild
D:2:      layout_basic, serial_curves, eino_curves_01, eino_curves_03,
          serial_shops, shop, grunt_ministairs_1, kennysheep_nondescript,
          uniq_sigmund, uniq_terence
D:3:      layout_basic, hellmonk_ecumenical_altar_watching_god,
          chequers_serial_rivers_micro_b
D:4:      layout_loops_ring, grunt_temple_overflow_open, temple_fountains
D:5:      layout_layer_cave, lemuel_blue_sif_altar
D:6:      layout_basic, mainiacjoe_overflow_brackets,
          mainiacjoe_overflow_chevrons, amcnicky_altar_gilded,
          nicolae_overflow_crystal_walls, kennysheep_little_box,
          minmay_hedge_maze, minmay_fountain_box
D:7:      layout_rooms, grunt_dithmenos_smoke, ebering_ghost_rock_garden,
          minmay_misc_feat_cross
D:8:      layout_cave_pools, mainiacjoe_overflow_24_doors,
          erik_lair_orcish_takeover
D:9:      layout_small_grid, uniq_pikel
Temple:   hellmonk_temple_flake

Notes
Turn   | Place    | Note
-------+----------+-------------------------------------------
     0 | D:1      | Jeffwins the Human Wanderer began the quest for the Orb.
     0 | D:1      | Jeffwins set off with the following items: a +0 sling, a
                  | wand of charming (17), a +0 ring mail, a scroll of
                  | vulnerability {!r}.
     0 | D:1      | Reached XP level 1. HP: 19/19 MP: 2/2
   119 | D:1      | Reached XP level 2. HP: 25/25 MP: 3/3
   343 | D:1      | Reached XP level 3. HP: 30/30 MP: 4/4
   346 | D:1      | Learned a level 2 spell: Call Imp
   874 | D:1      | Reached skill level 2 in Ranged Weapons
   875 | D:1      | Reached skill level 1 in Stealth
   953 | D:2      | Noticed Sigmund
  1014 | D:2      | Killed Sigmund
  1015 | D:2      | Reached skill level 2 in Spellcasting
  1015 | D:2      | Reached skill level 2 in Summonings
  1015 | D:2      | Reached XP level 4. HP: 24/38 MP: 5/7
  1015 | D:2      | Reached XP level 5. HP: 27/43 MP: 5/8
  1015 | D:2      | Reached XP level 6. HP: 31/49 MP: 5/9
  1102 | D:2      | Found Mopuulo's General Store.
  1119 | D:2      | Bought a potion of degeneration for 11 gold pieces
  1243 | D:2      | Noticed Terence
  2197 | D:3      | Reached skill level 3 in Ranged Weapons
  2197 | D:3      | Reached skill level 2 in Stealth
  2449 | D:4      | Learned a level 3 spell: Mephitic Cloud
  2464 | D:4      | Found an ancient bone altar of Kikubaaqudgha.
  2464 | D:4      | Found a burning altar of Makhleb.
  2693 | D:4      | Found a staircase to the Ecumenical Temple.
  2702 | Temple   | Entered the Ecumenical Temple
  2866 | Temple   | Became a worshipper of Vehumet
  3242 | D:3      | Reached XP level 7. HP: 35/55 MP: 8/10
  3331 | D:3      | Noticed a great orb of eyes
  3336 | D:3      | Found a faded altar of an unknown god.
  3338 | D:3      | Noticed a great orb of eyes
  3766 | D:2      | Killed Terence
  3864 | D:4      | Reached skill level 3 in Summonings
  4232 | D:5      | Entered Level 5 of the Dungeon
  4271 | D:5      | Identified the +2 ring mail of Limitation {Harm}
  4421 | D:5      | Reached skill level 1 in Poison Magic
  4423 | D:5      | Reached skill level 1 in Short Blades
  4423 | D:5      | Reached skill level 1 in Conjurations
  4493 | D:5      | Reached skill level 1 in Air Magic
  4656 | D:5      | Reached skill level 4 in Ranged Weapons
  4656 | D:5      | Reached skill level 4 in Evocations
  4656 | D:5      | Reached XP level 8. HP: 32/61 MP: 8/11
  5058 | D:5      | Reached * piety under Vehumet
  5058 | D:5      | Offered knowledge of Foxfire by Vehumet.
  5165 | D:5      | Identified the +3 leather armour of Altruism {*Slow rElec
                  | rF++ Int+3}
  5169 | D:5      | Reached skill level 2 in Short Blades
  5671 | D:5      | Found a shimmering blue altar of Sif Muna.
  5804 | D:6      | Found a sparkling altar of Nemelex Xobeh.
  5989 | D:6      | Found an iron altar of Okawaru.
  6075 | D:6      | Reached skill level 3 in Stealth
  6094 | D:6      | Reached skill level 4 in Summonings
  6145 | D:6      | Reached skill level 5 in Fighting
  6163 | D:6      | Found a broken altar of Ashenzari.
  6163 | D:6      | Noticed a hornet
  6167 | D:6      | Killed a hornet
  6168 | D:6      | Reached skill level 3 in Short Blades
  6168 | D:6      | Reached skill level 3 in Spellcasting
  6168 | D:6      | Reached skill level 2 in Conjurations
  6168 | D:6      | Reached skill level 2 in Poison Magic
  6168 | D:6      | Reached XP level 9. HP: 68/68 MP: 13/13
  6185 | D:6      | Learned a level 1 spell: Foxfire
  6210 | D:6      | Reached skill level 2 in Air Magic
  6250 | D:6      | Found a stormy altar of Qazlal.
  6294 | D:6      | Found a glowing golden altar of the Shining One.
  6450 | D:7      | Reached skill level 1 in Throwing
  6495 | D:7      | Found a shadowy altar of Dithmenos.
  6544 | D:7      | Reached skill level 1 in Fire Magic
  6754 | D:7      | Reached skill level 3 in Conjurations
  6764 | D:7      | Reached skill level 5 in Summonings
  6869 | D:7      | Found a runed translucent gate.
  6869 | D:7      | Found a runed translucent gate.
  6869 | D:7      | Found a runed translucent gate.
  6869 | D:7      | Noticed Sleet's ghost (novice MiFi)
  7182 | D:8      | Reached ** piety under Vehumet
  7182 | D:8      | Offered knowledge of Kiss of Death by Vehumet.
  7195 | D:8      | Reached skill level 2 in Fire Magic
  7373 | D:8      | Noticed a manticore
  7391 | D:8      | Killed a manticore
  7392 | D:8      | Reached skill level 4 in Short Blades
  7392 | D:8      | Reached XP level 10. HP: 71/74 MP: 9/15
  7515 | D:8      | Found a staircase to the Lair.
  7773 | D:8      | Reached skill level 2 in Throwing
  7773 | D:8      | Reached skill level 5 in Evocations
  7778 | D:8      | Reached skill level 4 in Stealth
  7838 | D:8      | Reached skill level 3 in Air Magic
  8019 | D:8      | Found a basalt altar of Yredelemnul.
  8115 | D:8      | HP: 4/74 [something (5)]
  8115 | D:8      | Slain by a vampire

Vanquished Creatures
  A manticore (D:8)
  A hornet (D:6)
  Sigmund (D:2)
  2 wyverns (D:7)
  A steam dragon (D:8)
  2 wargs (D:8)
  An orc warrior (D:8)
  A water moccasin (D:7)
  An ice beast (D:7)
  A sky beast (D:8)
  2 ogres
  2 phantoms
  A kobold brigand (D:6)
  A bullfrog (D:7)
  2 scorpions
  2 howler monkeys (D:5)
  A hound (D:5)
  3 jellies
  6 orc priests
  A gnoll bouda (D:7)
  2 iguanas
  3 sleepcaps
  Terence (D:2)
  4 orc wizards
  9 gnolls
  7 adders
  2 shadow imps
  A white imp (D:8)
  An ufetubus (D:7)
  A dart slug (D:1)
  18 orcs
  4 ball pythons
  6 bats
  4 endoplasms
  4 giant cockroaches
  3 goblins
  5 hobgoblins
  12 jackals
  2 quokkas
  3 frilled lizards (D:1)
  15 kobolds
  4 rats
144 creatures vanquished.

Vanquished Creatures (collateral kills)
  A gnoll sergeant (D:3)
  An iguana (D:4)
  2 gnolls (D:3)
  An ufetubus (D:6)
  A hobgoblin (D:3)
  A jackal (D:4)
  A kobold (D:3)
8 creatures vanquished.

Vanquished Creatures (others)
  15 plants
15 creatures vanquished.

Grand Total: 167 creatures vanquished

Table legend: (Time is in decaauts)
 A = Elapsed time spent in this place.
 B = Non-inter-level travel time spent in this place.
 C = Inter-level travel time spent in this place.
 D = Time resting spent in this place.
 E = Time spent auto-exploring this place.
 F = Levels seen in this place.
 G = Mean time per level.
                   A        B        C        D        E       F      G
               +--------+--------+--------+--------+--------+-----+--------+
         Total |   8302 |   7923 |    379 |    743 |   5605 |  10 |  830.2 |
       Dungeon |   8124 |   7774 |    350 |    743 |   5475 |   9 |  902.7 |
        Temple |    178 |    149 |     29 |      0 |    130 |   1 |  178.0 |
               +--------+--------+--------+--------+--------+-----+--------+

Top non-repeatable levels by time:
     D:5: 1507 daAuts
     D:2: 1254 daAuts
     D:1: 1033 daAuts
     D:4: 983 daAuts
     D:7: 926 daAuts
     D:3: 917 daAuts
     D:8: 807 daAuts
     D:6: 690 daAuts
  Temple: 178 daAuts
     D:9: 4 daAuts

Table legend:
 A = Non-vault XP
 B = Vault XP
 C = Vault XP percentage of total XP
 D = Non-vault monster count
 E = Vault monster count
 F = Vault count percentage of total count
                 A         B        C        D         E       F
            +---------+---------+-------+---------+---------+-------
      Total |    3949 |     849 |  17.7 |     137 |      15 |   9.9
            +---------+---------+-------+---------+---------+-------
        D:1 |      54 |       4 |   6.9 |      31 |       2 |   6.1
        D:2 |      27 |     265 |  90.8 |       9 |       5 |  35.7
        D:3 |     163 |       0 |   0.0 |      18 |       0 |   0.0
        D:4 |     306 |       0 |   0.0 |      13 |       0 |   0.0
        D:5 |     472 |       0 |   0.0 |      17 |       0 |   0.0
        D:6 |     778 |       0 |   0.0 |      18 |       0 |   0.0
        D:7 |    1114 |       0 |   0.0 |      17 |       0 |   0.0
        D:8 |    1035 |     580 |  35.9 |      14 |       8 |  36.4
            +---------+---------+-------+---------+---------+-------
